 Dungeon Crawl Stone Soup version 0.22-a0-596-gfbd32a6 (webtiles) character file.

39 galech the Skirmisher (level 3, -4/60 HPs)
             Began as an Ogre Berserker on July 5, 2018.
             Was a Believer of Trog.
             Slain by a gnoll (9 damage)
             ... on level 1 of the Dungeon.
             The game lasted 00:01:48 (882 turns).

galech the Skirmisher (Ogre Berserker)               Turns: 882, Time: 00:01:48

Health: -4/60      AC:  3    Str: 26    XL:     3   Next: 45%
Magic:  3/3        EV: 10    Int:  8    God:    Trog [**....]
Gold:   68         SH:  0    Dex:  9    Spells: 2/2 levels left

rFire    . . .     SeeInvis .   a - +0 mace
rCold    . . .     Gourm    .   (no shield)
rNeg     . . .     Faith    .   b - +0 animal skin
rPois    .         Spirit   .   (helmet restricted)
rElec    .         Reflect  .   (no cloak)
rCorr    .         Harm     .   (gloves unavailable)
MR       .....                  (boots unavailable)
Stlth    ..........             (no amulet)
HPRegen  0.20/turn              (no ring)
MPRegen  0.08/turn              (no ring)

@: berserking, very quick
A: large, unfitting armour, tough skin 1
a: Berserk, Trog's Hand, Renounce Religion


You were on level 1 of the Dungeon.
You worshipped Trog.
Trog was pleased with you.
You were very hungry.

You visited 1 branch of the dungeon, and saw 2 of its levels.

You collected 68 gold pieces.

Inventory:

Hand Weapons
 a - a +0 mace (weapon)
Armour
 b - a +0 animal skin (worn)
Scrolls
 e - a scroll of enchant weapon {unknown}
 f - 3 scrolls of enchant armour {unknown}
 g - a scroll of identify {unknown}
 k - a scroll of remove curse {unknown}
 l - a scroll of teleportation {unknown}
Potions
 d - a potion of agility {unknown}
 h - a potion of lignification {unknown}
 i - 2 potions of curing {unknown}
Comestibles
 c - 3 rations
 j - 3 chunks of flesh


   Skills:
 + Level 4.6 Fighting
 + Level 3.3 Maces & Flails
 + Level 3.1 Dodging


You had 2 spell levels left.
You didn't know any spells.
Your spell library was empty.

Dungeon Overview and Level Annotations

Branches:
Dungeon (2/15)

Altars:


Innate Abilities, Weirdness & Mutations

You are too large for most types of armour.
You have tough skin. (AC +1)


Message History

There is an open door here.
You open the door.
There is an open door here.
Found a club.
There is a stone staircase leading up here.
The gnoll barely misses you.
The gnoll hits you from afar with a spear.
* * * LOW HITPOINT WARNING * * *
The gnoll barely misses you.
You climb upwards.
There is a stone staircase leading down here.
A red film seems to cover your vision as you go berserk!
You feel yourself moving faster!
You feel mighty!
You are feeling very hungry.
The gnoll hits you!
* * * LOW HITPOINT WARNING * * *
You sock the gnoll!
The gnoll is almost dead.
The gnoll hits you!
You die...

♣<.....≈≈≈≈.......
#.......≈≈≈.......
♣.......≈≈≈.......
♣.......≈≈≈≈[.....
♣.................
#.......≈≈≈≈......
♣........≈≈≈......
♣g.......≈≈≈......
♣@.......≈≈≈≈.(...
♣#♣♣♣♣♣♣♣♣≈≈≈♣♣♣##
♣≈≈≈≈♣ ♣♣≈≈≈≈♣
♣♣♣≈≈≈ ###


You could see a gnoll.

Vanquished Creatures
  An adder (D:2)
  5 giant cockroaches
  2 goblins (D:1)
  5 hobgoblins
  4 jackals (D:1)
  3 kobolds
  A bat (D:1)
  2 frilled lizards
  4 rats
27 creatures vanquished.

Notes
Turn   | Place    | Note
-------+----------+-------------------------------------------
     0 | D:1      | galech the Ogre Berserker began the quest for the Orb.
     0 | D:1      | Reached XP level 1. HP: 24/24 MP: 1/1
   268 | D:1      | Reached XP level 2. HP: 23/32 MP: 2/2
   688 | D:2      | Reached XP level 3. HP: 33/40 MP: 3/3
   773 | D:2      | Reached ** piety under Trog
   882 | D:1      | Slain by a gnoll

Vault maps used:
D:1:      lemuel_arrival_river_bridge
D:2:      dk_noncrumbling_2, supply_closet_lemuel, uniq_jessica

Skill      XL: |  1  2 |
---------------+-------+-----
Maces & Flails | 3 |  3.3
Dodging        | 3 |  3.1
Fighting       | |  4.6

Action                   || total
-------------------------++-------
Melee: Mace              ||    85
Invok: Berserk           ||     1
Armor: Animal skin       ||    17
Dodge: Dodged            ||    61

Table legend:
 A = Spawn XP
 B = Non-spawn XP
 C = Spawn XP percentage of total XP
 D = Spawn monster count
 E = Non-spawn monster count
 F = Spawn count percentage of total count
 G = Total turns spent on level
                    A         B        C        D         E        F      G
               +---------+---------+-------+---------+---------+-------+---------
         Total |       0 |      56 |   0.0 |       0 |      27 |   0.0 |   882
               +---------+---------+-------+---------+---------+-------+---------
           D:1 |       0 |      31 |   0.0 |       0 |      18 |   0.0 |   671
           D:2 |       0 |      25 |   0.0 |       0 |       9 |   0.0 |   211
               +---------+---------+-------+---------+---------+-------+---------
